 Dungeon Crawl Stone Soup version 0.25.1-2-g60ff931df9 (webtiles) character file.

Game seed: 13829301244237697763

1337 Ivernyr the Chiller (level 8, -3/58 HPs)
             Began as a Human Ice Elementalist on Oct 19, 2020.
             Was a Follower of Sif Muna.
             Slain by a wyvern zombie (10 damage)
             ... on level 6 of the Dungeon.
             The game lasted 00:22:31 (6319 turns).

Ivernyr the Chiller (Human Ice Elementalist)        Turns: 6319, Time: 00:22:32

Health: -3/58      AC:  5    Str:  9    XL:     8   Next: 92%
Magic:  13/15      EV: 15    Int: 17    God:    Sif Muna [*.....]
Gold:   339        SH:  0    Dex: 14    Spells: 10/17 levels left

rFire    . . .     SeeInvis .   j - +2 short sword (speed)
rCold    . . .     Gourm    .   (no shield)
rNeg     + . .     Faith    .   a - +0 robe
rPois    .         Spirit   .   (no helmet)
rElec    .         Reflect  .   m - +0 cloak
rCorr    .         Harm     .   (no gloves)
MR       +....                  o - +1 pair of boots
Stlth    ++........             n - amulet of regeneration
HPRegen  0.59/turn              r - ring of positive energy
MPRegen  0.14/turn              u - ring of protection from magic

@: no status effects
A: no striking features
a: Channel Magic, Renounce Religion


You were on level 6 of the Dungeon.
You worshipped Sif Muna.
Sif Muna was aware of your devotion.
You were very hungry.

You visited 2 branches of the dungeon, and saw 7 of its levels.

You collected 339 gold pieces.

Inventory:

Hand Weapons
 j - a +2 short sword of speed (weapon)
Armour
 a - a +0 robe (worn)
 m - a +0 cloak (worn)
 o - a +1 pair of boots (worn)
Jewellery
 n - an amulet of regeneration (around neck)
 r - a ring of positive energy (left hand)
 u - a ring of protection from magic (right hand)
Wands
 z - a wand of digging (7)
Scrolls
 e - 6 scrolls of identify
 g - 2 scrolls of remove curse
 i - 7 scrolls of teleportation
 p - 4 scrolls of magic mapping
 t - a scroll of fog {unknown}
 w - a scroll of enchant armour {unknown}
 x - a scroll of blinking {unknown}
 y - a scroll of amnesia {unknown}
Potions
 b - a potion of invisibility {unknown}
 d - a potion of ambrosia {unknown}
 f - a potion of berserk rage
 h - 2 potions of lignification {unknown}
 k - 3 potions of curing {unknown}
 l - a potion of flight {unknown}
 q - a potion of degeneration {unknown}
 s - 2 potions of heal wounds {unknown}
 v - a potion of cancellation {unknown}
 A - a potion of magic {unknown}
Comestibles
 c - 9 rations


   Skills:
 - Level 3.2 Fighting
 + Level 4.9 Dodging
 - Level 2.0 Stealth
 + Level 5.0 Spellcasting
 * Level 7.2 Ice Magic
 + Level 2.8 Invocations


You had 10 spell levels left.
You knew the following spells:

 Your Spells              Type           Power        Failure   Level  Hunger
a - Freeze                Ice            ####         1%          1    None
b - Frozen Ramparts       Ice            ####..       2%          3    ###....
c - Ozocubu's Armour      Chrm/Ice       ###.....     10%         3    ###....

Your spell library contained the following spells:

 Spells                   Type           Power        Failure   Level  Hunger
 Magic Dart               Conj           #...         14%         1    None
 Searing Ray              Conj           #.....       22%         2    #......
 Hailstorm                Conj/Ice       ###.....     32%         4    ####...
 Summon Ice Beast         Ice/Summ       ###.....     32%         4    ####...
 Dazzling Flash           Conj/Hex       #.....       38%         3    ###....
 Fulminant Prism          Conj/Hex       #.........   80%         4    ####...
 Iskenderun's Mystic Bla  Conj/Tloc      #.......     80%         4    ####...


Dungeon Overview and Level Annotations

Branches:
Dungeon (6/15)             Temple (1/1) D:6

Altars:
Dithmenos
Hepliaklqana
Makhleb
Okawaru
Sif Muna
Trog
Vehumet
Wu Jian
The Shining One

Shops:
D:4 =


Message History

You barely miss the wyvern zombie.
The wyvern zombie is almost destroyed.
The wyvern zombie bites you!
* * * LOW HITPOINT WARNING * * *
You hit the wyvern zombie.
The wyvern zombie is almost destroyed.
You hit the wyvern zombie but do no damage.
The wyvern zombie is almost destroyed.
The wyvern zombie closely misses you.
Casting: Frozen Ramparts (dangerous; 2% risk of failure)
Confirm with . or Enter, or press ? or * to list all spells.
Aiming: Freeze (safe; 1% risk of failure)
Press: ? - help, Shift-Dir - straight line, f - wyvern zombie
Aim: a wyvern zombie (almost destroyed)
The wyvern zombie resists.
You freeze the wyvern zombie.
The wyvern zombie is almost destroyed.
The wyvern zombie bites you.
* * * LOW HITPOINT WARNING * * *
The wyvern zombie bites you!
You die...

###### #....#
#.# ########
#Z# #......#
#@# #......#
#.# #####
#......# #.#
....#
#......# #.#
....#
#......###.##
....#
#...........#
....#
#......###..#
....#
###....# #..#
....# #.####
#..#


You could see a wyvern zombie.

Vanquished Creatures
  A sky beast (D:4)
  A phantom (D:6)
  A centaur (D:5)
  An ogre (D:4)
  A bullfrog (D:6)
  2 scorpions (D:6)
  A jelly (D:6)
  An electric eel (D:6)
  3 crimson imps
  2 centaur zombies (D:6)
  A quasit (D:6)
  2 bullfrog skeletons
  3 centaur skeletons
  Crazy Yiuf (D:2)
  Terence (D:3)
  Natasha (thrice) (D:2)
  An iguana (D:5)
  An orc wizard (D:3)
  2 worker ants
  A worker ant zombie (D:6)
  A gnoll (D:5)
  5 adders
  A shadow imp (D:5)
  An ooze (D:2)
  An adder zombie (D:6)
  3 worms
  12 dart slugs
  3 leopard geckos
  10 orcs
  14 bats
  3 giant cockroaches
  6 goblins
  6 hobgoblins
  3 jackals
  4 quokkas
  A ball python (D:1)
  6 frilled lizards
  8 kobolds
  6 rats
124 creatures vanquished.

Vanquished Creatures (others)
  A jackal (D:2)
1 creature vanquished.

Grand Total: 125 creatures vanquished

Notes
Turn   | Place    | Note
-------+----------+-------------------------------------------
     0 | D:1      | Ivernyr the Human Ice Elementalist began the quest for the
                  | Orb.
     0 | D:1      | Reached XP level 1. HP: 13/13 MP: 3/3
   145 | D:1      | Reached XP level 2. HP: 20/20 MP: 0/5
  1004 | D:2      | Reached XP level 3. HP: 24/25 MP: 2/6
  1308 | D:2      | Reached skill level 1 in Fighting
  1585 | D:2      | Reached XP level 4. HP: 32/32 MP: 6/8
  1699 | D:2      | Found a runed translucent door.
  1700 | D:2      | Noticed Crazy Yiuf
  1707 | D:2      | Learned a level 3 spell: Frozen Ramparts
  1711 | D:2      | Learned a level 3 spell: Ozocubu's Armour
  1744 | D:2      | Killed Crazy Yiuf
  1794 | D:2      | Noticed Natasha
  1800 | D:2      | Killed Natasha
  1800 | D:2      | Reached XP level 5. HP: 20/38 MP: 4/9
  1882 | D:2      | Noticed Natasha
  1890 | D:2      | Killed Natasha
  1954 | D:2      | Noticed Natasha
  1977 | D:2      | Killed Natasha
  2599 | D:3      | Reached XP level 6. HP: 41/44 MP: 6/11
  3130 | D:3      | Reached skill level 5 in Ice Magic
  3202 | D:3      | Noticed Terence
  3227 | D:3      | Killed Terence
  3559 | D:3      | Found a hazy altar of Hepliaklqana.
  3565 | D:3      | Found a shadowy altar of Dithmenos.
  3565 | D:3      | Noticed a shadow
  3887 | D:4      | Noticed a sky beast
  3898 | D:4      | Killed a sky beast
  3898 | D:4      | Reached XP level 7. HP: 45/51 MP: 4/13
  4048 | D:4      | Found a glowing golden altar of the Shining One.
  4067 | D:4      | Found Kozxep's Jewellery Emporium.
  4229 | D:4      | Identified the +2 scale mail of Spring {Harm rF+ Str-5
                  | Slay+4} (You found it on level 4 of the Dungeon)
  4327 | D:4      | Found an ornate altar of the Wu Jian Council.
  4571 | D:5      | Entered Level 5 of the Dungeon
  4860 | D:5      | Found a faded altar of an unknown god.
  4860 | D:5      | Found a shimmering blue altar of Sif Muna.
  4865 | D:5      | Found a burning altar of Makhleb.
  4878 | D:5      | Became a worshipper of Sif Muna the Loreminder
  4881 | D:5      | Found a radiant altar of Vehumet.
  4883 | D:5      | Found a faded altar of an unknown god.
  5144 | D:5      | Reached skill level 6 in Ice Magic
  5185 | D:5      | Reached skill level 1 in Invocations
  5185 | D:5      | Reached XP level 8. HP: 14/58 MP: 8/14
  5301 | D:5      | Found an iron altar of Okawaru.
  5302 | D:5      | Found a bloodstained altar of Trog.
  5877 | D:6      | Reached * piety under Sif Muna
  6082 | D:6      | Reached skill level 7 in Ice Magic
  6148 | D:6      | Reached skill level 5 in Spellcasting
  6224 | D:6      | Found a staircase to the Ecumenical Temple.
  6272 | Temple   | Entered the Ecumenical Temple
  6319 | D:6      | Slain by a wyvern zombie

Illustrated notes

Levels and vault maps discovered:
D:1:      beargit_arrival_greenhouse, layout_basic, st_stairs_9,
          minmay_misc_feat_tower, serial_park_tiny_1, minmay_statues_item
D:2:      layout_rooms, uniq_crazy_yiuf_cottage, uniq_natasha
D:3:      layout_basic, riverfiend_overflow_shadow_ancestor, first_ration,
          st_stairs_3, uniq_terence
D:4:      layout_rooms, kennysheep_mini_moat, overflow_temple_1_default,
          serial_shops, shop, feat_on_display
D:5:      layout_loops_ring, grunt_temple_overflow_bloody_war,
          chequers_temple_overflow_minitemple, chequers_avenue,
          minmay_door_square
D:6:      kennysheep_slugbush, layout_basic, lemuel_doored_altar,
          minmay_temple_entry_offerings, minmay_chambers_of_fives,
          uniq_eustachio
Temple:   jpeg_temple_alley_garden

Skill      XL: |  1  2  3  4  5  6  7  8 |
---------------+-------------------------+-----
Fighting       | 1 2 3 |  3.2
Spellcasting   | 3 4 5 |  5.0
Dodging        | 3 4 |  4.9
Ice Magic      | 5 6 7 |  7.2
Invocations    | 1 2 |  2.8
Stealth        | |  2.0

Action                   |  1- 3 |  4- 6 |  7- 9 || total
-------------------------+-------+-------+-------++-------
Melee: Unarmed           |     9 |       |       ||     9
       Flail             |     1 |       |       ||     1
       Short sword       |       |    63 |   194 ||   257
 Cast: Freeze            |    44 |    79 |    68 ||   191
       Frozen Ramparts   |       |     1 |     8 ||     9
       Ozocubu's Armour  |       |       |     1 ||     1
  Use: Scroll            |       |       |     5 ||     5
 Stab: Sleeping          |       |     1 |     2 ||     3
  Eat: Chunk             |     2 |     8 |     7 ||    17
Armor: Robe              |    10 |    41 |    43 ||    94
Dodge: Dodged            |    30 |    77 |   142 ||   249
